 Dungeon Crawl Stone Soup version 0.26-a0-1161-g0398aca569 (webtiles) character file.

Game seed: 6591882554395344848

105434 EnegeticOcto the Thaumaturge (level 15, -1/101 (108) HPs)
             Began as a Mummy Conjurer on Dec 27, 2020.
             Was the Champion of Ru.
             Slain by a merfolk impaler
             ... wielding a +0 trident
              (21 damage)
             ... on level 1 of the Shoals.
             The game lasted 01:23:36 (35014 turns).

EnegeticOcto the Thaumaturge (Mummy Conjurer)      Turns: 35014, Time: 01:23:36

HP:   -1/101 (108)  AC: 17    Str: 11    XL:     15   Next: 94%
MP:   21/43         EV:  8    Int: 34    God:    Ru [******]
Gold: 1325          SH:  8    Dex: 11    Spells: 26/42 levels left

rFire    . . .     SeeInvis .   K - staff of air
rCold    + . .     Faith    .   p - +0 kite shield
rNeg     + + +     Spirit   .   D - +2 leather armour {rF+}
rPois    ∞         Reflect  .   Q - +3 hat of Pondering {ponderous, Will+ MP+10 Int+5}
rElec    +         Harm     .   d - +0 cloak
rCorr    .         Rampage  .   z - +2 pair of gloves
Will     ++...                  C - +2 pair of boots
Stlth    ..........             c - amulet of magic regeneration
HPRegen  0.26/turn              g - ring of willpower
MPRegen  0.53/turn              I - +6 ring of intelligence

@: exhausted, overwhelmed with horror, drained, slow
A: no potions, fire vulnerability, cold resistance 1, frail 1, negative energy
resistance 3, screaming 1, torment resistance, unbreathing, no stealth,
cowardly, inability to train dodging, weak-willed 1, in touch with death 1
a: Renounce Religion, Draw Out Power, Power Leap, Apocalypse


You were on level 1 of the Shoals.
You worshipped Ru.
Ru was exalted by your worship.
You visited 5 branches of the dungeon, and saw 25 of its levels.
You also visited: Gauntlet.

You collected 3257 gold pieces.
You spent 1932 gold pieces at shops.

Inventory:

Hand Weapons
 v - a +8 scimitar of freezing
   (You took it off an orc warrior on level 6 of the Dungeon)
 y - a +2 dagger of venom
   (You took it off an orc wizard on level 6 of the Dungeon)
Missiles
 j - 63 poisoned darts
 k - 3 throwing nets {!f}
 H - 14 curare-tipped darts
Armour
 d - a +0 cloak (worn)
   (You found it on level 4 of the Dungeon)
 p - a +0 kite shield (worn)
   (You bought it in a shop on level 2 of the Orcish Mines)
 z - a +2 pair of gloves (worn)
   (You found it on level 6 of the Dungeon)
 C - a +2 pair of boots (worn)
   (You found it on level 5 of the Lair of Beasts)
 D - a +2 leather armour of fire resistance (worn)
   (You took it off Duvessa on level 7 of the Dungeon)
 Q - the +3 hat of Pondering (worn) {ponderous, Will+ MP+10 Int+5}
   (You found it in a Gauntlet)

   It affects your intelligence (+5).
   It affects your willpower, your defense against some magical effects.
   It affects your magic capacity (+10).
 S - a +1 buckler of reflection
   (You took it off a tengu warrior on level 13 of the Dungeon)
Magical Staves
 K - an uncursed staff of air (weapon)
   (You took it off an orc on level 10 of the Dungeon)
Jewellery
 c - an amulet of magic regeneration (around neck)
   (You found it on level 2 of the Lair of Beasts)
 f - an uncursed ring of flight
   (You found it on level 3 of the Lair of Beasts)
 g - a ring of willpower (left hand)
   (You took it off a gnoll on level 2 of the Dungeon)
 x - an uncursed ring of wizardry
   (You found it on level 3 of the Lair of Beasts)
 E - a +6 ring of strength
   (You found it on level 9 of the Dungeon)
 I - a +6 ring of intelligence (right hand)
   (You found it on level 9 of the Dungeon)
Wands
 a - a wand of acid (64) {@v1}
   (You found it on level 8 of the Dungeon)
 m - a wand of disintegration (77)
   (You took it off an orc on level 3 of the Dungeon)
 q - a wand of iceblast (35) {@v2}
   (You took it off Ijyb on level 3 of the Dungeon)
 s - a wand of paralysis (14)
   (You found it on level 5 of the Dungeon)
 B - a wand of polymorph (16)
   (You took it off Dowan on level 7 of the Dungeon)
 G - a wand of flame (1) {@v4}
   (You found it on level 10 of the Dungeon)
 M - a wand of random effects (22)
   (You took it off an orc on level 10 of the Dungeon)
 N - a wand of digging (8) {@v3}
   (You found it on level 11 of the Dungeon)
 T - a wand of enslavement (8)
   (You found it on level 2 of the Lair of Beasts)
Scrolls
 b - 16 scrolls of teleportation {@r3 !r}
 e - 3 scrolls of magic mapping {@r5 !r}
 h - 11 scrolls of remove curse {@r2}
 i - 11 scrolls of amnesia
 n - 5 scrolls of enchant armour
 o - 2 scrolls of fog {!r}
 r - 16 scrolls of identify {@r1}
 u - 2 scrolls of summoning
 w - a scroll of blinking {@r4}
 F - 2 scrolls of holy word
 J - 2 scrolls of vulnerability
 L - a scroll of enchant weapon
 P - a scroll of torment
 U - a scroll of immolation
Miscellaneous
 l - a tin of tremorstones (2/2)
   (You bought it in a shop on level 2 of the Orcish Mines)
 O - a condenser vane
   (You found it in a Gauntlet)


   Skills:
 + Level 11.6 Fighting
 - Level 8.0 Armour
 + Level 4.1 Shields
 - Level 14.0 Spellcasting
 - Level 12.0 Conjurations
 - Level 7.0 Hexes
 - Level 5.0 Translocations
 - Level 6.0 Transmutations
 + Level 9.5 Evocations


You had 26 spell levels left.
You knew the following spells:

 Your Spells              Type           Power        Failure   Level
a - Magic Dart            Conj           100%         1%          1
b - Searing Ray           Conj           100%         1%          2
c - Fulminant Prism       Conj/Hex       22%          1%          4
d - Iskenderun's Mystic   Conj/Tloc      40%          2%          4
e - Irradiate             Conj/Tmut      21%          6%          5

Your spell library contained the following spells:

 Spells                   Type           Power        Failure   Level
 Apportation              Tloc           56%          1%          1
 Corona                   Hex            38%          1%          1
 Dazzling Flash           Conj/Hex       88%          1%          3
 Summon Guardian Golem    Hex/Summ       23%          6%          3
 Animate Skeleton         Necr           34%          9%          1
 Summon Small Mammal      Summ           44%          9%          1
 Call Imp                 Summ           11%          14%         2
 Call Canine Familiar     Summ           11%          26%         3
 Summon Ice Beast         Ice/Summ       11%          65%         4
 Summon Lightning Spire   Summ/Air       17%          65%         4
 Hydra Form               Tmut           Unusable     N/A         6
 Statue Form              Tmut/Erth      Unusable     N/A         6
 Dragon Form              Tmut           Unusable     N/A         7

Dungeon Overview and Level Annotations

Branches:
Dungeon (15/15)            Temple (1/1) D:5            Lair (6/6) D:11
 Shoals (1/4) Lair:4        Snake (0/4) Lair:2        Slime (0/5) Lair:6
    Orc (2/2) D:10            Elf (0/3) Orc:2        Vaults (0/5) D:14
 Depths (0/5) D:15        Gauntlet (visited)

Altars:
Ashenzari
Cheibriados
Dithmenos
Elyvilon
Fedhas
Gozag
Hepliaklqana
Kikubaaqudgha
Makhleb
Nemelex Xobeh
Okawaru
Qazlal
Ru
Sif Muna
Trog
Uskayaw
Vehumet
Wu Jian
Xom
Yredelemnul
Zin
The Shining One
Jiyva

Shops:
D:12 ?   D:13 !   Orc:1 !   Orc:2 [=}(

Annotations:
D:4 3 runed translucent doors, Beaer's ghost, amateur VSBr


Innate Abilities, Weirdness & Mutations

You do not drink.
Your flesh is vulnerable to fire.
You are immune to poison.
Your flesh is cold resistant. (rC+)
You are frail. (-10% HP)
You are immune to negative energy. (rN+++)
You occasionally shout uncontrollably at your foes.
You are immune to unholy pain and torment.
You can survive without breathing.
You cannot be stealthy.
Your cowardice makes you less effective in combat with threatening monsters.
You cannot train Dodging skill.
You are slightly weak-willed. (Will-)
You are in touch with the powers of death.


Message History

Casting: Iskenderun's Mystic Blast (mildly dangerous; 2% risk of failure)
Confirm with . or Enter, or press ? or * to list all spells.
Aiming: Fulminant Prism (mildly dangerous; 1% risk of failure)
Press: ? - help, Dir - move target You conjure a prism of explosive energy!
A fulminant prism comes into view.
Your fulminant prism explodes!
The blast of energy engulfs the water nymph!!!
The water nymph is almost dead.
You hear a shout! x2
A merfolk impaler comes into view. It is wielding a +0 trident.
The sea snake bites you but does no damage.
Your fulminant prism crackles loudly.
You feel a twist of horror at the sight of this foe.
Casting: Fulminant Prism (mildly dangerous; 1% risk of failure)
Confirm with . or Enter, or press ? or * to list all spells.
You erupt in a blast of force!
The mystic blast hits the water nymph!
You kill the water nymph!
The mystic blast hits the sea snake.
The sea snake is severely wounded.
The sea snake is knocked back by the mystic blast.
You carefully extract the barbed spikes from your body.
The merfolk impaler hits the plant with a +0 trident!
The plant begins to die.
A merfolk comes into view. It is wielding a +0 halberd.
The merfolk impaler hits the plant with a +0 trident!
Your fulminant prism explodes!
The blast of energy engulfs the sea snake.
The sea snake is severely wounded.
The blast of energy engulfs the plant!!
The plant begins to die.
The plant is lightly damaged.
The sea snake bites you but does no damage.
A merfolk comes into view. It is wielding a +0 halberd.
You reel with horror at the sight of these foes!
There is a staircase back to the Lair here.
Casting: Iskenderun's Mystic Blast (mildly dangerous; 2% risk of failure)
Confirm with . or Enter, or press ? or * to list all spells.
You erupt in a blast of force!
The mystic blast hits the sea snake!
The sea snake is almost dead.
The sea snake is knocked back by the mystic blast.
A merfolk comes into view. It is wielding a +0 spear.
Casting: Iskenderun's Mystic Blast (mildly dangerous; 2% risk of failure)
Confirm with . or Enter, or press ? or * to list all spells.
Aiming: Fulminant Prism (mildly dangerous; 1% risk of failure)
Press: ? - help, Dir - move target You conjure a prism of explosive energy!
You shout at your fulminant prism!
A fulminant prism comes into view.
The merfolk hits the plant with a +0 spear.
The plant begins to die.
A merfolk comes into view. It is wielding a +0 halberd.
The sea snake bites you but does no damage.
You reel with horror at the sight of these foes!
Casting: Fulminant Prism (mildly dangerous; 1% risk of failure)
Confirm with . or Enter, or press ? or * to list all spells.
You erupt in a blast of force!
The mystic blast hits the sea snake!
You kill the sea snake!
A nearby plant withers and dies.
The merfolk hits the plant with a +0 spear!!
Something hits the plant!
The plant begins to die.
Something engulfs the plant in water!
The merfolk hits you from afar with a +0 halberd!!
Your fulminant prism crackles loudly.
You are restored by drawing out deep reserves of power within.
You feel drained.
A nearby plant withers and dies.
The merfolk hits the plant with a +0 spear.
You block the merfolk's attack.
Something hits the plant!!
Your fulminant prism explodes!
The blast of energy engulfs the merfolk!!
The merfolk is severely wounded.
The blast of energy engulfs the merfolk!!
The merfolk is heavily wounded.
The blast of energy engulfs the plant!!!
The plant begins to die.
The plant is lightly damaged.
Casting: Iskenderun's Mystic Blast (mildly dangerous; 2% risk of failure)
Confirm with . or Enter, or press ? or * to list all spells.
Aiming: Fulminant Prism (mildly dangerous; 1% risk of failure)
Press: ? - help, Dir - move target You conjure a prism of explosive energy!
You shout at your fulminant prism!
A fulminant prism comes into view.
A water elemental comes into view.
The merfolk hits the plant with a +0 spear!
The merfolk hits you from afar with a +0 halberd!! x2
A kraken comes into view.
The water elemental hits the plant!
The water elemental engulfs the plant in water!
Monsters!
Monsters everywhere!
You have to get out of here!
A nearby plant withers and dies.
The kraken begins to attack, but is stunned by your conviction!
The merfolk impaler hits you from afar with a +0 trident!
The merfolk hits you from afar with a +0 halberd!
You focus your inner power and blind the merfolk in retribution!
Something hits the plant.
The merfolk hits your fulminant prism with a +0 halberd!!
Your fulminant prism detonates feebly.
The merfolk hits you from afar with a +0 halberd!
* * * LOW HITPOINT WARNING * * *
The merfolk impaler hits you from afar with a +0 trident!!
You die...

≈P.≈≈P. ...≈≈≈≈
≈≈."≈≈≈P...≈≈≈≈≈
≈...≈≈≈≈≈...?...
≈≈P≈≈≈≈≈........
≈m.P≈≈≈≈.....≈≈≈
≈≈mP≈mm.....≈≈≈≈
EPP..m†#..≈≈≈≈≈
#.m.@..≈≈≈≈X
#.≈......≈≈≈
≈≈...........≈≈≈
≈≈≈.≈).......≈≈≈
≈≈≈.≈≈≈≈....≈≈≈≈
P..P.......≈≈.≈≈
P..P≈.....)...≈≈
≈P≈P..##...≈≈≈≈≈
≈≈PP.. #.≈≈≈≈≈


You could see a kraken, a merfolk impaler, 5 merfolk and a water elemental.

Vanquished Creatures
  Jorgrun (Orc:1)
  Rupert (Lair:3)
  Gastronok (Lair:3)
  A minotaur (Gauntlet)
  An ettin (Orc:1)
  A yaktaur captain (D:15)
  A fire dragon (Lair:6)
  2 boulder beetles
  An ogre mage (D:14)
  15 hydras
  9 two-headed ogres
  6 centaur warriors
  5 tengu warriors
  Urug (Lair:5)
  An orc high priest (Orc:2)
  A fire crab (shapeshifter) (D:13)
  A death drake (Orc:2)
  A sea snake (Shoals:1)
  3 unseen horrors
  A wizard (D:15)
  Pikel (D:8)
  3 lindwurms
  3 orc knights
  8 ugly things
  4 cyclopes
  An orc sorcerer (Orc:1)
  5 manticores
  11 elephants
  A water nymph (Shoals:1)
  2 centaur zombies
  6 black mambas
  Joseph (D:7)
  3 molten gargoyles (Lair:6)
  A torpor snail (Lair:6)
  A rust devil (Gauntlet)
  Psyche (D:10)
  7 gargoyles
  15 cane toads
  A hellion (Gauntlet)
  A yaktaur (D:15)
  4 rime drakes
  15 komodo dragons
  10 trolls
  A wind drake (Lair:4)
  2 tyrant leeches (D:15)
  Prince Ribbit (D:8)
  7 dream sheep (Lair:6)
  7 slime creatures
  8 blink frogs
  6 spriggans (Lair:2)
  A vampire (D:10)
  29 yaks
  9 wyverns
  A ynoxinul (Gauntlet)
  11 basilisks
  3 fire bats (D:15)
  5 steam dragons
  2 vampire mosquitoes (D:13)
  A swamp worm (Gauntlet)
  4 wargs
  Duvessa (D:7)
  A naga (Lair:2)
  2 soldier ants
  3 hell hounds (Lair:6)
  21 water moccasins
  5 sky beasts
  2 phantoms
  12 ice beasts
  32 orc warriors
  A black bear (Lair:5)
  A hornet zombie (D:11)
  10 ogres
  21 centaurs
  26 wolves
  3 lemures (D:8)
  2 big kobolds
  6 bullfrogs
  Dowan (D:7)
  4 scorpions
  9 killer bees
  28 wights
  A vampire bat (D:15)
  6 howler monkeys
  4 electric eels (Lair:6)
  A spectral bullfrog (D:13)
  5 lava snakes (Lair:6)
  2 quasits
  7 bullfrog zombies
  6 centaur skeletons
  7 hounds
  18 orc priests
  4 bullfrog skeletons
  24 orc wizards
  7 jellies
  2 iron imps (Gauntlet)
  Ijyb (D:3)
  2 iguanas
  6 hell rats
  11 worker ants
  A killer bee zombie (D:8)
  2 hound skeletons
  A worker ant zombie (D:5)
  10 gnolls
  22 adders
  4 river rats (D:15)
  3 shadow imps
  A white imp (D:5)
  12 oozes
  11 worms
  A dart slug (D:1)
  7 leopard geckos
  91 orcs
  4 ball pythons
  20 bats
  4 giant cockroaches
  6 goblins
  11 hobgoblins
  6 jackals
  16 kobolds
  4 quokkas
  A frilled lizard (D:2)
  2 leopard gecko skeletons (D:6)
  A quokka skeleton (D:8)
  8 rats
  A fulminant prism (D:11)
812 creatures vanquished.

Vanquished Creatures (others)
  An elephant (Lair:5)
  A merfolk (Shoals:1)
  An ice beast (Orc:2)
  A wolf (Lair:5)
  A rat (D:15)
  274 fulminant prisms
  64 fungi
  121 plants
  5 toadstools (D:3)
469 creatures vanquished.

Grand Total: 1281 creatures vanquished

Notes
Turn   | Place    | Note
-------+----------+-------------------------------------------
     0 | D:1      | EnegeticOcto the Mummy Conjurer began the quest for the
                  | Orb.
     0 | D:1      | Reached XP level 1. HP: 13/13 MP: 4/4
   213 | D:1      | Reached skill level 3 in Spellcasting
   309 | D:1      | Reached skill level 2 in Stealth
   325 | D:1      | Reached XP level 2. HP: 19/19 MP: 4/6
   329 | D:1      | Learned a level 2 spell: Searing Ray
  1378 | D:2      | Reached XP level 3. HP: 24/24 MP: 2/8
  1623 | D:2      | Reached skill level 4 in Spellcasting
  1683 | D:2      | Reached skill level 3 in Stealth
  1810 | D:2      | Reached XP level 4. HP: 19/30 MP: 0/10
  2148 | D:2      | Found a shimmering blue altar of Sif Muna.
  2150 | D:2      | Found a glowing silver altar of Zin.
  2150 | D:2      | Found a burning altar of Makhleb.
  2194 | D:2      | Found a shimmering altar of Xom.
  2194 | D:2      | Found a glowing silver altar of Zin.
  2194 | D:2      | Found an ornate altar of the Wu Jian Council.
  2265 | D:2      | Reached skill level 4 in Conjurations
  2329 | D:2      | Reached XP level 5. HP: 35/35 MP: 6/11
  3608 | D:3      | Reached skill level 5 in Conjurations
  3608 | D:3      | Reached XP level 6. HP: 28/41 MP: 6/12
  3804 | D:3      | You fall into a shaft and drop 3 floors!
  3847 | D:6      | Noticed an orc warrior
  3864 | D:5      | Entered Level 5 of the Dungeon
  4030 | D:4      | Reached skill level 6 in Conjurations
  4035 | D:4      | Learned a level 4 spell: Fulminant Prism
  4040 | D:4      | Learned a level 4 spell: Iskenderun's Mystic Blast
  4132 | D:4      | Reached XP level 7. HP: 23/46 MP: 2/13
  4423 | D:4      | Found a runed translucent gate.
  4423 | D:4      | Found a runed translucent gate.
  4423 | D:4      | Found a runed translucent gate.
  4423 | D:4      | Noticed Beaer's ghost (amateur VSBr)
  4430 | D:4      | Reached skill level 1 in Hexes
  4521 | D:3      | Reached skill level 5 in Spellcasting
  4678 | D:3      | Noticed Ijyb
  4697 | D:3      | Killed Ijyb
  5180 | D:4      | Reached skill level 2 in Hexes
  5441 | D:4      | Found an ornate altar of the Wu Jian Council.
  5788 | D:5      | Reached skill level 6 in Spellcasting
  5902 | D:5      | Reached skill level 3 in Hexes
  6175 | D:5      | Reached skill level 1 in Fighting
  6175 | D:5      | Reached XP level 8. HP: 54/54 MP: 10/17
  6271 | D:5      | Reached skill level 2 in Fighting
  6271 | D:5      | Reached skill level 4 in Hexes
  6569 | D:5      | Reached skill level 1 in Translocations
  6569 | D:5      | Reached skill level 1 in Evocations
  6778 | D:5      | Found a staircase to the Ecumenical Temple.
  6791 | Temple   | Entered the Ecumenical Temple
  7168 | D:5      | Found a snail-covered altar of Cheibriados.
  7510 | D:6      | Reached skill level 2 in Translocations
  7510 | D:6      | Reached skill level 2 in Evocations
  7729 | D:6      | Reached skill level 1 in Shields
  8486 | D:6      | Reached skill level 3 in Evocations
  8486 | D:6      | Reached XP level 9. HP: 23/61 MP: 6/18
  8608 | D:6      | Reached skill level 2 in Shields
  8609 | D:6      | Reached skill level 7 in Conjurations
  9025 | D:7      | Noticed Dowan
  9028 | D:7      | Noticed Duvessa
  9039 | D:7      | Killed Duvessa
  9039 | D:7      | Killed Dowan
  9040 | D:7      | Reached skill level 3 in Shields
  9040 | D:7      | Reached skill level 4 in Evocations
  9102 | D:7      | Noticed Joseph
  9434 | D:7      | Killed Joseph
  9675 | D:7      | Reached skill level 4 in Shields
  9940 | D:7      | Found a sacrificial altar of Ru.
 10140 | D:7      | Became a worshipper of Ru the Awakened
 10367 | D:8      | Reached skill level 8 in Conjurations
 10367 | D:8      | Reached skill level 5 in Hexes
 10422 | D:8      | Noticed Pikel
 10431 | D:8      | Killed Pikel
 10432 | D:8      | Reached XP level 10. HP: 66/67 MP: 3/19
 10695 | D:8      | Reached skill level 6 in Hexes
 10856 | D:8      | Found a hide-covered altar of Uskayaw.
 11114 | D:8      | Noticed Prince Ribbit
 11119 | D:8      | Killed Prince Ribbit
 11336 | D:8      | Found a bloodstained altar of Trog.
 11338 | D:8      | Noticed a two-headed ogre
 11347 | D:8      | Killed a two-headed ogre
 11348 | D:8      | Reached skill level 7 in Hexes
 11420 | D:8      | Found an iron altar of Okawaru.
 11425 | D:8      | Found a glowing golden altar of the Shining One.
 11525 | D:9      | Found a hazy altar of Hepliaklqana.
 11526 | D:9      | Found a shadowy altar of Dithmenos.
 11668 | D:9      | Reached skill level 2 in Dodging
 11747 | D:9      | Found a sacrificial altar of Ru.
 11747 | D:9      | Found a radiant altar of Vehumet.
 11748 | D:9      | Found an ancient bone altar of Kikubaaqudgha.
 11751 | D:9      | Reached skill level 1 in Armour
 12033 | D:9      | Gained mutation: You cannot train Dodging skill. [Ru
                  | sacrifice]
 12033 | D:9      | Reduced skill Dodging to level 0
 12033 | D:9      | Reached * piety under Ru
 12165 | D:9      | Reached skill level 3 in Fighting
 13033 | D:10     | Entered Level 10 of the Dungeon
 13071 | D:10     | Reached skill level 2 in Armour
 13096 | D:10     | Noticed Psyche
 13100 | D:10     | Killed Psyche
 13101 | D:10     | Reached skill level 7 in Spellcasting
 13116 | D:10     | Reached skill level 3 in Translocations
 13439 | D:10     | Found a staircase to the Orcish Mines.
 13449 | D:10     | Reached skill level 4 in Fighting
 13896 | D:10     | Reached skill level 3 in Armour
 13976 | D:10     | Noticed a two-headed ogre
 13985 | D:10     | Killed a two-headed ogre
 13986 | D:10     | Reached XP level 11. HP: 78/78 MP: 10/22
 14135 | D:10     | Reached skill level 8 in Spellcasting
 14474 | D:11     | Noticed a six-headed hydra
 14487 | D:11     | Killed a six-headed hydra
 14488 | D:11     | Reached skill level 5 in Fighting
 14488 | D:11     | Reached skill level 4 in Translocations
 14634 | D:11     | Noticed a two-headed ogre
 14763 | D:11     | Killed a two-headed ogre
 14764 | D:11     | Reached skill level 5 in Translocations
 15261 | D:11     | Noticed a two-headed ogre
 15267 | D:11     | Killed a two-headed ogre
 15570 | D:11     | Gained mutation: Your cowardice makes you less effective in
                  | combat with threatening monsters. [Ru sacrifice]
 15570 | D:11     | Reached ** piety under Ru
 15982 | D:11     | Found a staircase to the Lair.
 15997 | Lair:1   | Entered Level 1 of the Lair of Beasts
 16097 | Lair:1   | Found a gate leading to a gauntlet.
 16134 | Gauntlet | Entered a Gauntlet
 16134 | Gauntlet | Found a transporter.
 16150 | Gauntlet | Found a transporter.
 16160 | Gauntlet | Found a transporter.
 16164 | Gauntlet | Found a transporter.
 16164 | Gauntlet | Noticed a death yak
 16165 | Gauntlet | Noticed a death yak
 16165 | Gauntlet | Noticed a death yak
 16166 | Gauntlet | Noticed a death yak
 16167 | Gauntlet | Noticed a death yak
 16169 | Gauntlet | Found a transporter.
 16184 | Gauntlet | Noticed a wizard
 16184 | Gauntlet | Noticed a wizard
 16185 | Gauntlet | Found a transporter.
 16194 | Gauntlet | Found the cursed necklace of Bloodlust {*Rage +Rage Will++
                  | Int-3 Slay+6 *Curse}
 16195 | Gauntlet | Found a transporter.
 16205 | Gauntlet | Found a transporter.
 16209 | Gauntlet | Noticed a blizzard demon
 16216 | Gauntlet | Found a transporter.
 16219 | Gauntlet | Found a transporter.
 16228 | Gauntlet | Found a transporter.
 16237 | Gauntlet | Found a transporter.
 16264 | Gauntlet | Found the +3 hat of Pondering {ponderous, Will+ MP+10
                  | Int+5}
 16276 | Gauntlet | Found a transporter.
 16285 | Gauntlet | Found a transporter.
 16564 | Gauntlet | Reached skill level 4 in Armour
 16799 | Gauntlet | Reached skill level 6 in Fighting
 16860 | Gauntlet | Identified the +1 rapier of Equilibrium {vorpal, *Slow
                  | rElec rN++ Stlth+}
 16860 | Gauntlet | Noticed a minotaur
 16870 | Gauntlet | Killed a minotaur
 16871 | Gauntlet | Reached skill level 9 in Spellcasting
 16871 | Gauntlet | Reached skill level 5 in Evocations
 17284 | Lair:1   | Reached XP level 12. HP: 32/89 MP: 14/25
 18266 | Lair:2   | Noticed a five-headed hydra
 18275 | Lair:2   | Killed a five-headed hydra
 18519 | Lair:2   | Reached skill level 9 in Conjurations
 18529 | Lair:2   | Reached skill level 7 in Fighting
 18529 | Lair:2   | Reached skill level 5 in Armour
 18534 | Lair:2   | Noticed a seven-headed hydra
 18861 | Lair:2   | Reached skill level 10 in Spellcasting
 18901 | Lair:2   | Killed a seven-headed hydra
 18902 | Lair:2   | Reached skill level 6 in Evocations
 19156 | Lair:2   | Found a staircase to the Snake Pit.
 19660 | Lair:3   | Noticed Rupert
 19669 | Lair:3   | Killed Rupert
 19670 | Lair:3   | Reached skill level 8 in Fighting
 19817 | Lair:3   | Reached skill level 11 in Spellcasting
 19974 | Lair:3   | Noticed Gastronok
 20175 | Lair:3   | Noticed a six-headed hydra
 20177 | Lair:3   | Killed Gastronok
 20181 | Lair:3   | Killed a six-headed hydra
 20182 | Lair:3   | Reached skill level 10 in Conjurations
 20182 | Lair:3   | Gained mutation: You are in touch with the powers of death.
                  | [Mummy growth]
 20182 | Lair:3   | Reached XP level 13. HP: 75/98 MP: 1/28
 20364 | Lair:3   | Learned a level 5 spell: Irradiate
 20387 | Lair:3   | Reached skill level 1 in Transmutations
 21132 | Lair:4   | Reached skill level 12 in Spellcasting
 21137 | Lair:4   | Reached skill level 2 in Transmutations
 21416 | Lair:4   | Reached skill level 3 in Transmutations
 21587 | Lair:4   | Found a staircase to the Shoals.
 22443 | Lair:5   | Noticed Urug
 22453 | Lair:5   | Killed Urug
 22454 | Lair:5   | Reached skill level 4 in Transmutations
 22628 | Lair:5   | Reached skill level 13 in Spellcasting
 22655 | Lair:5   | Gained mutation: You occasionally shout uncontrollably at
                  | your foes. [Ru sacrifice]
 22655 | Lair:5   | Reached *** piety under Ru
 23378 | Lair:5   | Reached skill level 5 in Transmutations
 23943 | Lair:6   | Entered Level 6 of the Lair of Beasts
 23943 | Lair:6   | Found a runed translucent door.
 24205 | Lair:6   | Reached skill level 14 in Spellcasting
 24335 | Lair:6   | Reached skill level 6 in Transmutations
 24426 | Lair:6   | Reached XP level 14. HP: 83/105 MP: 1/32
 24605 | Lair:6   | Gained mutation: You are slightly weak-willed. (Will-) [Ru
                  | sacrifice]
 24605 | Lair:6   | Reached **** piety under Ru
 25141 | Lair:6   | Noticed Sonja
 25143 | Lair:6   | Noticed Sonja
 25143 | Lair:6   | Sonja changed into Sonja the rime drake
 25150 | Lair:6   | Killed Sonja the rime drake
 25659 | Lair:6   | Reached skill level 6 in Armour
 25737 | Lair:6   | Found a viscous altar of Jiyva.
 25739 | Lair:6   | Found a staircase to the Slime Pits.
 25944 | Lair:6   | Gained mutation: You are frail. (-10% HP) [Ru sacrifice]
 25944 | Lair:6   | Reached ***** piety under Ru
 25982 | Lair:6   | Reached skill level 9 in Fighting
 26147 | Lair:6   | Found a large runed translucent door.
 26148 | Lair:6   | Found a large runed translucent door.
 26423 | D:12     | Reached skill level 7 in Evocations
 26667 | Orc:1    | Entered Level 1 of the Orcish Mines
 26667 | Orc:1    | Noticed Jorgrun
 26673 | Orc:1    | Killed Jorgrun
 26753 | Orc:1    | Found Sosebu's Distillery.
 26855 | Orc:2    | Entered Level 2 of the Orcish Mines
 26874 | Orc:2    | Found a frozen archway.
 26874 | Orc:2    | Noticed Nessos
 27530 | D:12     | Found Naugg's Magic Scroll Shoppe.
 27533 | D:12     | Bought a scroll of teleportation for 45 gold pieces
 28674 | D:13     | Found Wunipn's Distillery.
 28818 | D:13     | Reached skill level 7 in Armour
 28818 | D:13     | Reached skill level 11 in Conjurations
 29006 | D:13     | Reached skill level 10 in Fighting
 29268 | D:13     | Reached XP level 15. HP: 103/103 MP: 33/33
 29592 | D:14     | Reached skill level 8 in Evocations
 30252 | D:14     | Found a gate to the Vaults.
 30389 | D:15     | Entered Level 15 of the Dungeon
 31681 | D:15     | Reached skill level 8 in Armour
 31970 | D:15     | Found a staircase to the Depths.
 32268 | D:15     | Reached skill level 11 in Fighting
 32690 | Orc:2    | Reached skill level 9 in Evocations
 32696 | Orc:2    | Noticed Nessos
 32696 | Orc:2    | Nessos changed into Nessos the death drake
 32918 | Orc:2    | Killed Nessos the death drake
 32933 | Orc:1    | Gained mutation: You cannot be stealthy. [Ru sacrifice]
 32933 | Orc:1    | Reduced skill Stealth to level 0
 32933 | Orc:1    | Reached ****** piety under Ru
 33402 | Orc:2    | Found a staircase to the Elven Halls.
 33440 | Orc:2    | Found Paysovas's Jewellery Shoppe.
 33440 | Orc:2    | Found Qastrusu's Gadget Boutique.
 33442 | Orc:2    | Found Wirue's Antique Weapon Shop.
 33444 | Orc:2    | Found Fyzxotyh's Armour Emporium.
 33688 | Orc:1    | Reached skill level 12 in Conjurations
 34121 | Orc:2    | Bought a glowing demon blade for 396 gold pieces
 34138 | Orc:2    | Bought a wand of digging (3) for 196 gold pieces
 34138 | Orc:2    | Bought a tin of tremorstones (2/2) for 560 gold pieces
 34138 | Orc:2    | Bought a wand of acid (5) for 252 gold pieces
 34138 | Orc:2    | Bought a wand of acid (11) for 420 gold pieces
 34770 | Orc:2    | Bought a +0 kite shield for 63 gold pieces
 34954 | Shoals:1 | Entered Level 1 of the Shoals
 35013 | Shoals:1 | Noticed a kraken
 35014 | Shoals:1 | Slain by a merfolk impaler

Illustrated notes

Levels and vault maps discovered:
D:1:      tarquinn_simple_flora_water_e, layout_loops_ring
D:2:      layout_basic, doesnt_xom_only_xom, wad_orctagon
D:3:      cheibrodos_fertilizer, layout_basic, uniq_ijyb
D:4:      layout_cave_pools, lemuel_round_altar, gammafunk_ghost_necromancy,
          hex_tiny, grunt_ministairs_1, kennysheep_generic_room_12
D:5:      layout_cave_pods, lemuel_coloured_pillars_altar,
          minmay_temple_entry_mini_moons
D:6:      layout_basic, kennysheep_doodads, minmay_misc_feat_roman
D:7:      layout_cave_pools, nicolae_ru_awakened_eye, uniq_joseph, uniq_duvessa
D:8:      layout_loops_corners, nicolae_overflow_hidden_temple, minitemple,
          uniq_prince_ribbit1, uniq_pikel
D:9:      layout_basic, riverfiend_overflow_shadow_ancestor,
          gammafunk_temple_overflow_claw
D:10:     layout_cave_pools, erik_orc_3, st_stairs_9, uniq_psyche
D:11:     layout_big_octagon, erik_lair_dragon, kennysheep_generic_room_9
D:12:     layout_small_grid, serial_shops, kennysheep_mini
D:13:     layout_roguey, serial_shops, shop, st_stairs_6,
          hangedman_weighted_door, kennysheep_generic_room_3
D:14:     layout_rooms, david_vaults_2, glass_columns_b
D:15:     grunt_enter_depths_snipers, layout_basic,
          hangedman_parallel_progression
Temple:   cyrus_temple_forest
Lair:1:   wander_river, layout_hall_layers, gauntlet_entry_generic,
          grunt_megastairs_5
Lair:2:   layout_roguey, guppyfry_snake_entry_island, wad_woods_01
Lair:3:   layout_small_grid, chequers_serial_rivers_micro_e, uniq_gastronok,
          uniq_rupert
Lair:4:   layout_small_grid, minmay_shoals_entry_beasts,
          chequers_serial_rivers_micro_e, serial_bayou_crossing
Lair:5:   layout_cave_pods, st_stairs_11, uniq_urug
Lair:6:   cheibrodos_lair_end_hotspot, layout_long_grid, slime_altar_2,
          serial_bayou_lake_a, uniq_sonja
Shoals:1: layout_shoals, serial_shops,
          nicolae_shop_temple_entry_statues_fountains, nzn_prometheus_bound,
          nicolae_shoals_circle_sea_wall, nicolae_shoals_dead_sea_scrolls,
          uniq_kirke, uniq_josephine
Orc:1:    layout_caves, serial_shops, nicolae_shop_stone, uniq_jorgrun
Orc:2:    st_orc_rangers, layout_caves, portal_ice_cave_entry_ice_beasts,
          uniq_nessos

Skill      XL: |  1  2  3  4  5  6  7  8  9 10 11 12 13 14 15 |
---------------+----------------------------------------------+-----
Spellcasting   | 3 4 6 7 9 11 14 | 14.0
Stealth        | 2 3 0 |  0.0
Conjurations   | 4 5 6 8 10 11 12 | 12.0
Hexes          | 3 4 5 7 |  7.0
Fighting       | 1 2 4 6 8 10 11 | 11.6
Translocations | 2 3 5 |  5.0
Evocations     | 3 4 5 6 7 9 |  9.5
Shields        | 1 4 |  4.1
Dodging        | 0 |  0.0
Armour         | 3 4 5 7 8 |  8.0
Transmutations | 6 |  6.0

Action                   |  1- 3 |  4- 6 |  7- 9 | 10-12 | 13-15 || total
-------------------------+-------+-------+-------+-------+-------++-------
Melee: Dagger            |     2 |       |     2 |       |       ||     4
       Spear             |       |    25 |     5 |       |       ||    30
       Scimitar          |       |       |    14 |    52 |    24 ||    90
       Short sword       |       |       |       |       |     8 ||     8
       Staff             |       |       |       |       |    39 ||    39
 Cast: Magic Dart        |    59 |    58 |   126 |   155 |    47 ||   445
       Searing Ray       |     8 |    20 |    51 |    85 |   120 ||   284
       Fulminant Prism   |       |       |    22 |    82 |   172 ||   276
       Iskenderun's Myst |       |       |       |    22 |   162 ||   184
       Irradiate         |       |       |       |       |     9 ||     9
Invok: Sacrifice Nimblen |       |       |       |     1 |       ||     1
       Sacrifice Courage |       |       |       |     1 |       ||     1
       Draw Out Power    |       |       |       |       |     6 ||     6
       Sacrifice Purity  |       |       |       |       |     1 ||     1
       Apocalypse        |       |       |       |       |     3 ||     3
       Sacrifice Essence |       |       |       |       |     1 ||     1
       Sacrifice Health  |       |       |       |       |     1 ||     1
       Sacrifice Stealth |       |       |       |       |     1 ||     1
Evoke: Wand              |       |       |     3 |    12 |    20 ||    35
       Condenser vane    |       |       |       |     1 |     1 ||     2
  Use: Scroll            |     1 |     4 |    10 |    14 |    13 ||    42
 Stab: Invisible         |       |       |       |     1 |       ||     1
       Paralysed         |       |       |       |       |     8 ||     8
       Distracted        |       |       |       |       |     2 ||     2
Armor: Robe              |     1 |    11 |    13 |       |       ||    25
       Leather armour    |       |       |     5 |    51 |   170 ||   226
Dodge: Dodged            |     8 |    34 |    82 |    74 |   170 ||   368
Block: Buckler           |       |       |     5 |    60 |    78 ||   143
       Reflection        |       |       |       |    10 |     6 ||    16
       Kite shield       |       |       |       |       |     3 ||     3
       Rpst.: Scimitar   |       |       |    10 |    18 |    16 ||    44

Table legend: (Time is in decaauts)
 A = Elapsed time spent in this place.
 B = Non-inter-level travel time spent in this place.
 C = Inter-level travel time spent in this place.
 D = Time resting spent in this place.
 E = Time spent auto-exploring this place.
 F = Levels seen in this place.
 G = Mean time per level.
                   A        B        C        D        E       F      G
               +--------+--------+--------+--------+--------+-----+--------+
         Total |  35668 |  33309 |   2359 |   5494 |  22705 |  26 | 1371.8 |
       Dungeon |  22318 |  21080 |   1238 |   3232 |  14646 |  15 | 1487.9 |
        Temple |     85 |     51 |     34 |      0 |     33 |   1 |   85.0 |
          Lair |   9862 |   9074 |    788 |    916 |   6879 |   6 | 1643.7 |
        Shoals |     59 |     59 |      0 |     27 |      0 |   1 |   59.0 |
  Orcish Mines |   2431 |   2133 |    298 |    783 |   1012 |   2 | 1215.5 |
      Gauntlet |    909 |    909 |      0 |    536 |    135 |   1 |  909.0 |
               +--------+--------+--------+--------+--------+-----+--------+

Top non-repeatable levels by time:
  Lair:6: 2528 daAuts
    D:15: 2279 daAuts
    D:11: 2032 daAuts
     D:2: 1946 daAuts
  Lair:5: 1892 daAuts
    D:10: 1852 daAuts
     D:6: 1660 daAuts
  Lair:2: 1639 daAuts
     D:5: 1632 daAuts
   Orc:1: 1615 daAuts
     D:9: 1533 daAuts
    D:13: 1392 daAuts
     D:8: 1361 daAuts
     D:3: 1345 daAuts
  Lair:4: 1324 daAuts
